 Dungeon Sprint DCSS version 0.30.1-11-g7821555f0a (webtiles) character file.

Game seed: 1298937900416704118

2109 Groucho the Marksspriggan (level 9, -1/47 HPs)
             Began as a Spriggan Hunter on Jan 7, 2024.
             Was a Priest of Dithmenos.
             Shot with an arrow by a centaur warrior (11 damage)
             ... in the Dungeon (Sprint III: "The Ten Rune Challenge").
             The game lasted 00:07:41 (2086 turns).

Groucho the Marksspriggan (Spriggan Hunter)         Turns: 2086, Time: 00:07:41

Health: -1/47      AC:  4    Str:  7    XL:     9   Next: 7%
Magic:  10/10      EV: 23    Int: 10    God:    Dithmenos [***...]
Gold:   39         SH:  0    Dex: 23    Spells: 8/8 levels left

rFire   . . .        a - +0 shortbow
rCold   . . .        (shield currently unavailable)
rNeg    . . .        d - +2 robe {Will+}
rPois   .            (helmet restricted)
rElec   .            (no cloak)
rCorr   .            (gloves unavailable)
SInv    +            (boots unavailable)
Will    ++...        (no amulet)
Stlth   +++++        (no ring)
HPRegen 0.27/turn    (no ring)
MPRegen 0.12/turn

%: no teleportation
@: wreathed by umbra, slow
A: very small, no large weapons, unfitting armour, see invisible, speed 3
a: Renounce Religion, Shadow Step


You were in the Dungeon.
You worshipped Dithmenos.
Dithmenos was most pleased with you.
You visited 1 branch You collected 39 gold pieces.

Inventory:

Hand Weapons
 a - a +0 shortbow (weapon)
Armour
 d - a +2 robe of willpower (worn)
Wands
 m - a wand of roots (5)
Scrolls
 b - a scroll of immolation
 j - 2 scrolls of torment {unknown}
 k - 3 scrolls of identify
Potions
 f - 3 potions of mutation {unknown}
 g - 2 potions of magic
 h - a potion of berserk rage
 l - a potion of flight {unknown}
Miscellaneous
 e - a piece from Xom's chessboard (15/15)


   Skills:
 - Level 5.0 Fighting
 * Level 15.9 Ranged Weapons
 - Level 7.0 Dodging
 + Level 14.7 Stealth
 + Level 7.1 Evocations


You had 8 spell levels left.
You didn't know any spells.
Your spell library contained the following spells:

 Spells                   Type           Power      Damage    Failure   Level
 Freeze                   Ice            0%         1d3       36%         1
 Frozen Ramparts          Ice            0%         1d1       75%         3
 Hailstorm                Conj/Ice       0%         3d3       75%         3


Dungeon Overview and Level Annotations

Branches:
Dungeon (1/1)

Altars:
Cheibriados
Dithmenos
Elyvilon
Fedhas
Gozag
Hepliaklqana
Kikubaaqudgha
Makhleb
Nemelex Xobeh
Okawaru
Qazlal
Ru
Sif Muna
Trog
Uskayaw
Vehumet
Wu Jian
Xom
Yredelemnul
Zin
The Shining One
Jiyva
Lugonu


Innate Abilities, Weirdness & Mutations

You are very small and have problems with some larger weapons.
You are too small for most types of armour.
You have supernaturally acute eyesight. (SInv)
You cover ground extremely quickly. (Speed+++)


Message History

Press: ? - help, Q - select action, (/) - cycle Shift-Dir - straight line, f/p - centaur warrior
Aim: a centaur warrior, wielding a +0 shortbow (moderately wounded, constricted by roots, umbra, 94% to hit)
You shoot an arrow. The arrow hits the centaur warrior.
The centaur warrior is heavily wounded.
The grasping roots constrict the centaur warrior.
The centaur warrior shoots an arrow.
The arrow hits you.
* * * LOW HITPOINT WARNING * * *
Unknown command.
Unknown command.
The roots lose their grip on something.
The centaur warrior shoots an arrow.
The arrow barely misses you.
There is an open door here.
Aiming: Fastroot
Press: ? - help, Shift-Dir - straight line, f/p - centaur warrior
Aim: a centaur warrior, wielding a +0 shortbow (heavily wounded, umbra)
The roots erupt in riotous growth!
Roots grab the centaur warrior.
The grasping roots constrict the centaur warrior!
The centaur warrior escapes!
Unknown command.
You don't know any spells.
Fire: a) +0 shortbow
Press: ? - help, Shift-Dir - straight line, f/p - centaur warrior
Aim: a centaur warrior, wielding a +0 shortbow (severely wounded, umbra, 76% to hit)
There's nothing to close nearby.
Unknown command.
Aiming: Fastroot
Press: ? - help, Shift-Dir - straight line, f/p - centaur warrior
Aim: a centaur warrior, wielding a +0 shortbow (severely wounded, umbra)
The roots erupt in riotous growth!
Roots grab the centaur warrior.
The grasping roots constrict the centaur warrior.
The centaur warrior shoots an arrow.
The arrow barely misses you.
The centaur warrior shoots an arrow.
The arrow misses you.
Unknown command.
Unknown command.
The roots lose their grip on something.
You enter the shallow water.
Moving in this stuff is going to be slow.
The centaur warrior shoots an arrow.
The arrow hits you!
You die...

.#___#___#__# .#...#__)#._#
.###'#'###'## .#.........)#
.'.)........# [#...######'#
.#.⌠.#__#...#+#############
.#...#__#...#.§§§~c.#)'...+
.#)###__#...#.#§@§#.#c#...#
.#...#__#...'.#§§§#c#.#cc.#
.#___#__'...#.#§§§#...#c..#
▓▓▓▓▓▓▓▓▓▓▓▓▓▓▓▓▓▓▓▓▓▓▓▓▓▓#


You could see a centaur warrior.

Vanquished Creatures
  Erica (D)
  A deep elf pyromancer (D)
  A shadow (D)
  A spatial vortex (D)
  2 centaurs (D)
  An earth elemental (D)
  A necrophage (D)
  A scorpion (D)
  A water elemental (D)
  A jelly (D)
  Jessica (D)
  A necromancer (D)
  A wizard (D)
  A kobold demonologist (D)
  3 humans (D)
  2 endoplasms (D)
20 creatures vanquished.

Notes
Turn   | Place    | Note
-------+----------+-------------------------------------------
     0 | D        | Groucho the Spriggan Hunter began the quest for the Orb.
     0 | D        | Reached XP level 1. HP: 10/10 MP: 2/2
    17 | D        | Noticed Jessica
    22 | D        | Killed Jessica
    23 | D        | Reached skill level 5 in Ranged Weapons
    23 | D        | Reached XP level 2. HP: 15/16 MP: 3/3
    23 | D        | Reached XP level 3. HP: 17/19 MP: 4/4
    75 | D        | Reached skill level 6 in Ranged Weapons
    75 | D        | Reached skill level 5 in Dodging
   337 | D        | Noticed a scorpion
   389 | D        | Killed a scorpion
   390 | D        | Reached skill level 7 in Ranged Weapons
   390 | D        | Reached XP level 4. HP: 6/25 MP: 5/5
   679 | D        | Noticed a water elemental
   733 | D        | Killed a water elemental
   734 | D        | Reached skill level 8 in Ranged Weapons
   734 | D        | Reached XP level 5. HP: 30/30 MP: 6/6
   778 | D        | Found a shadowy altar of Dithmenos.
   787 | D        | Reached skill level 9 in Ranged Weapons
   792 | D        | Reached skill level 5 in Fighting
   792 | D        | Reached skill level 10 in Ranged Weapons
   792 | D        | Reached skill level 5 in Stealth
   792 | D        | Found a basalt altar of Yredelemnul.
   792 | D        | Found a sacrificial altar of Ru.
   799 | D        | Became a worshipper of Dithmenos the Shadowed
   814 | D        | Found a radiant altar of Vehumet.
   817 | D        | Reached XP level 6. HP: 33/35 MP: 7/7
   820 | D        | Found a shimmering blue altar of Sif Muna.
   820 | D        | Found an ancient bone altar of Kikubaaqudgha.
   833 | D        | Found a hide-covered altar of Uskayaw.
   833 | D        | Found an iron altar of Okawaru.
   833 | D        | Found a bloodstained altar of Trog.
   833 | D        | Found an ornate altar of the Wu Jian Council.
   833 | D        | Noticed a human
   833 | D        | Noticed a human
   879 | D        | Killed a human
   879 | D        | Reached * piety under Dithmenos
   880 | D        | Reached skill level 11 in Ranged Weapons
   981 | D        | Noticed a deep elf pyromancer
   994 | D        | Killed a human
   995 | D        | Reached skill level 12 in Ranged Weapons
   995 | D        | Reached XP level 7. HP: 39/39 MP: 8/8
  1010 | D        | Noticed a fire elemental
  1010 | D        | Killed a deep elf pyromancer
  1011 | D        | Reached skill level 14 in Ranged Weapons
  1271 | D        | Found a glowing silver altar of Zin.
  1272 | D        | Found a glowing golden altar of the Shining One.
  1273 | D        | Found a white marble altar of Elyvilon.
  1297 | D        | Noticed a shadow
  1315 | D        | Reached XP level 8. HP: 43/43 MP: 9/9
  1339 | D        | Reached ** piety under Dithmenos
  1344 | D        | Found a blossoming altar of Fedhas.
  1344 | D        | Found a stormy altar of Qazlal.
  1347 | D        | Found a snail-covered altar of Cheibriados.
  1347 | D        | Found a burning altar of Makhleb.
  1348 | D        | Found a shimmering altar of Xom.
  1352 | D        | Found a hazy altar of Hepliaklqana.
  1352 | D        | Found an opulent altar of Gozag.
  1352 | D        | Found a sparkling altar of Nemelex Xobeh.
  1352 | D        | Found a corrupted altar of Lugonu.
  1352 | D        | Found a viscous altar of Jiyva.
  1519 | D        | Noticed Erica
  1565 | D        | Killed Erica
  1566 | D        | Reached skill level 15 in Ranged Weapons
  1883 | D        | Reached *** piety under Dithmenos
  2052 | D        | Noticed a centaur warrior
  2064 | D        | Reached XP level 9. HP: 43/47 MP: 10/10
  2086 | D        | Shot with an arrow by a centaur warrior

Illustrated notes

Levels and vault maps discovered:
D:        dungeon_sprint_mu [sprint_mu_entry_forest, sprint_mu_temple_rooms,
          sprint_mu_d1_horrors, sprint_mu_d2_genie, sprint_mu_d3_branching,
          sprint_mu_orc_legion, sprint_mu_elf_gauntlet, sprint_mu_hive_nellie,
          sprint_mu_lair_fedhas, sprint_mu_vaults_butterflies,
          sprint_mu_slime_circle, sprint_mu_swamp_cave, sprint_mu_shoals_archi,
          sprint_mu_blade_basic, sprint_mu_crypt_lich, sprint_mu_tomb_spiral,
          sprint_mu_vestibule_basic, sprint_mu_gehenna_hellfire,
          sprint_mu_dis_giant, sprint_mu_tartarus_statrot,
          sprint_mu_cocytus_islands, sprint_mu_zot1]

Skill      XL: |  1  2  3  4  5  6  7  8  9 |
---------------+----------------------------+-----
Dodging        | 4 6 7 |  7.0
Fighting       | 2 4 5 |  5.0
Ranged Weapons | 5 7 8 10 12 14 15 | 15.9
Stealth        | 5 9 12 14 | 14.7
Evocations     | 6 7 |  7.1

Action                     |  1- 3 |  4- 6 |  7- 9 || total
---------------------------+-------+-------+-------++-------
   Fire: Shortbow          |    38 |    53 |   103 ||   194
  Evoke: Wand              |       |       |     3 ||     3
    Use: Potion            |     1 |     2 |     2 ||     5
         Scroll            |       |     1 |       ||     1
 Armour: Robe              |       |     1 |     6 ||     7
  Dodge: Dodged            |     7 |    20 |    39 ||    66
